 Dungeon Crawl Stone Soup version 0.18-a0-1511-g2a0da85 (webtiles) character file.

240 CulBaka the Changer (level 6, 0/44 HPs)
             Began as a Merfolk Transmuter on Feb 27, 2016.
             Killed from afar by an orc wizard (12 damage)
             ... with a puff of flame
             ... on level 3 of the Dungeon.
             The game lasted 00:13:25 (2482 turns).

CulBaka the Changer (Merfolk Transmuter)            Turns: 2482, Time: 00:13:25

Health: 0/44       AC:  4    Str: 11    XL:     6   Next: 8%
Magic:  8/11       EV: 14    Int: 13    God:
Gold:   112        SH:  0    Dex: 19    Spells: 3 memorised, 5 levels left

rFire  . . .     SeeInvis .       - Unarmed
rCold  . . .     Gourm    .     b - +0 robe
rNeg   . . .     Faith    .     (no shield)
rPois  +         Spirit   .     (no helmet)
rElec  .         Dismiss  .     k - +0 cloak
rCorr  .         Reflect  .     (no gloves)
SustAt .         Harm     .     o - +0 pair of boots
MR     .....                    (no amulet)
Stlth  ++........               s - +4 ring of dexterity
                                n - ring of poison resistance

@: not resistant to hostile enchantments, unstealthy
A: change form in water, swift swim
a: no special abilities


You were on level 3 of the Dungeon.
You were very hungry.

You visited 1 branch of the dungeon, and saw 3 of its levels.

You collected 112 gold pieces.

Inventory:

Missiles
 a - 4 arrows
 v - 2 javelins (quivered)
Armour
 b - a +0 robe (worn)
 k - a +0 cloak (worn)
 o - a +0 pair of boots (worn)
Jewellery
 n - a ring of poison resistance (left hand)
 s - a +4 ring of dexterity (right hand)
 u - an uncursed ring of protection from fire {unknown}
Scrolls
 h - a scroll of enchant weapon {unknown}
 i - a scroll of fear {unknown}
 j - 4 scrolls of remove curse {unknown}
 l - a scroll of teleportation {unknown}
 p - 2 scrolls of fog {unknown}
 q - 2 scrolls of recharging {unknown}
 r - 2 scrolls of identify {unknown}
Potions
 e - a potion of haste {unknown}
 f - 6 potions of curing {unknown}
 m - a potion of ambrosia {unknown}
Books
 c - a book of Changes

   Spells                             Type                      Level
   a - Beastly Appendage              Transmutation                1
   b - Sticks to Snakes               Transmutation                2
   c - Spider Form                    Transmutation/Poison         3
   d - Ice Form                       Ice/Transmutation            4
   e - Blade Hands                    Transmutation                5
Comestibles
 d - 2 bread rations
 g - a meat ration


   Skills:
 - Level 2.0 Fighting
 - Level 3.8 Dodging
 - Level 1.7 Stealth
 - Level 4.1 Unarmed Combat
 - Level 3.3 Spellcasting
 + Level 4.7 Transmutations


You had 5 spell levels left.
You knew the following spells:

 Your Spells              Type           Power        Failure   Level  Hunger
a - Beastly Appendage     Trmt           ##....       3%          1    #......
b - Sticks to Snakes      Trmt           ##......     6%          2    ##.....
c - Spider Form           Trmt/Pois      #.........   28%         3    ###....


Dungeon Overview and Level Annotations

Branches:
Dungeon (3/15)

Altars:
Ashenzari


Message History

The kobold shoots a poisoned needle.
The poisoned needle misses you.
Your ball python bites the orc.
Your ball python barely misses the orc.
A puff of flame appears from out of thin air!
The puff of flame hits you!
Your ball python bites the orc.
The orc dies!
The kobold shoots a poisoned needle.
The poisoned needle misses you.
A puff of flame appears from out of thin air!
The puff of flame hits the ooze.
The ooze dies!
The kobold shoots a poisoned needle.
The poisoned needle hits you!
You see here a poisoned needle.
A puff of flame appears from out of thin air!
The puff of flame hits you!
* * * LOW HITPOINT WARNING * * *
A puff of frost appears from out of thin air!
The puff of frost misses you.
A puff of flame appears from out of thin air!
The puff of flame hits you!
You die...

############ #####
....#......####### #...# ##
8...#............# #...# ...
.8...............####...#....
_.8..............##..........
.8.......(.......##.<.......#
8.....†...............##.#..#
...........#####@##...##.#
.##. ...........#
#.##...##.#..... ......((.(.#
#.##...##.#....
######.....#####((..)......#
....................>††..#.##
......(.S)K.................#
##.........#####.##.........#
#.........# #.##........(#..
...........#
#................


There were no monsters in sight!

Vanquished Creatures
  Terence (D:2)
  An adder (D:3)
  A worm (D:2)
  A dart slug (D:1)
  An orc (D:3)
  A ball python (D:3)
  3 giant cockroaches
  6 goblins
  3 hobgoblins
  A quokka (D:3)
  5 bats (D:2)
  5 giant newts
  8 kobolds
  5 rats
42 creatures vanquished.

Vanquished Creatures (collateral kills)
  Sigmund (D:2)
  2 orcs (D:3)
3 creatures vanquished.

Vanquished Creatures (others)
  The ghost of CulBaka the Scratcher, a weakling FeTm of Ru (D:3)
  An ooze (D:3)
2 creatures vanquished.

Grand Total: 47 creatures vanquished

Notes
Turn   | Place    | Note
--------------------------------------------------------------
     0 | D:1      | CulBaka the Merfolk Transmuter began the quest for the Orb.
     0 | D:1      | Reached XP level 1. HP: 15/15 MP: 3/3
   203 | D:1      | Reached XP level 2. HP: 15/21 MP: 3/5
  1018 | D:2      | Found a shattered altar of Ashenzari.
  1032 | D:2      | Learned a level 2 spell: Sticks to Snakes
  1169 | D:2      | Reached XP level 3. HP: 18/26 MP: 4/6
  1259 | D:2      | Noticed Terence
  1281 | D:2      | Killed Terence
  1414 | D:2      | Noticed Sigmund
  1422 | D:2      | Learned a level 3 spell: Spider Form
  1463 | D:2      | Killed Sigmund
  1463 | D:2      | Reached skill level 1 in Stealth
  1463 | D:2      | Reached XP level 4. HP: 6/33 MP: 6/9
  1463 | D:2      | Reached XP level 5. HP: 6/38 MP: 6/10
  2412 | D:3      | Found a faded altar to an unknown god.
  2429 | D:3      | Reached XP level 6. HP: 38/44 MP: 5/11
  2450 | D:3      | Noticed CulBaka's ghost (weakling FeTm)
  2467 | D:3      | Killed CulBaka's ghost
  2482 | D:3      | Killed from afar by an orc wizard

Vault maps used:
D:1:      tarquinn_simple_flora_water_b
D:2:      evilmike_ruin_ashenzari, serial_forest, infiniplex_forest_zigzag_1,
          infiniplex_forest_lined_1, infiniplex_forest_end_3,
          infiniplex_forest_clump_long, infiniplex_forest_straight_3,
          infiniplex_forest_lined_2, infiniplex_forest_clump_tiny, first_bread,
          roderic_malta_cross, corner_web_ring, uniq_terence, uniq_sigmund
D:3:      ecumenical_altar_2

Skill      XL: |  1  2  3  4  5 |
---------------+----------------+-----
Dodging        | 3 |  3.8
Transmutations | 4 |  4.7
Stealth        | 1 |  1.7
Unarmed Combat | 4 |  4.1
Spellcasting   | 3 |  3.3
Fighting       | 2 |  2.0

Action                   |  1- 3 |  4- 6 || total
-------------------------+-------+-------++-------
Melee: Unarmed           |    74 |    53 ||   127
 Cast: Beastly Appendage |    17 |    13 ||    30
       Sticks to Snakes  |     4 |     4 ||     8
 Stab: Distracted        |     1 |       ||     1
       Sleeping          |     3 |     1 ||     4
  Eat: Chunk             |     1 |     2 ||     3
       Beef jerky        |       |     1 ||     1
